 Dungeon Crawl Stone Soup version 0.30-a0-269-gf0224bf7b6 (webtiles) character file.

Game seed: 9644944057567846352

93 Darkkill the Shooter (level 4, -2/51 HPs)
             Began as a Human Hunter on Oct 14, 2022.
             Slain by a gnoll
             ... wielding a +0 halberd
              (4 damage)
             ... on level 4 of the Dungeon.
             The game lasted 00:04:12 (2342 turns).

Darkkill the Shooter (Human Hunter)                 Turns: 2342, Time: 00:04:12

Health: -2/51      AC: 22    Str: 13    XL:     4   Next: 91%
Magic:  4/4        EV:  2    Int:  9    God:
Gold:   196        SH:  0    Dex: 23    Spells: 3/3 levels left

rFire   . . .      SeeInvis .    a - +0 shortbow
rCold   . . .      Faith    .    (shield currently unavailable)
rNeg    . . .      Spirit   .    (body armour currently unavailable)
rPois   +          Reflect  .    (helmet currently unavailable)
rElec   .          Harm     .    (cloak currently unavailable)
rCorr   .          Rampage  .    (gloves currently unavailable)
Will    .....      NoTele   +    (boots currently unavailable)
Stlth   +++.......               (no amulet)
HPRegen 0.28/turn                e - ring of flight
MPRegen 0.09/turn                q - +6 ring of dexterity

@: tree-form
A: stationary, stasis, torment immunity, boosted hp
a: no special abilities


You were on level 4 of the Dungeon.
You were a tree.
You visited 1 branch of the dungeon, and saw 4 of its levels.

You collected 196 gold pieces.

Inventory:

Hand Weapons
 a - a +0 shortbow (weapon)
 b - a +0 executioner's axe
Missiles
 d - 28 stones
 h - 11 poisoned darts
Armour
 c - a +0 leather armour (melded)
 m - a +0 helmet
 o - a +1 hat
Magical Staves
 r - a staff of fire
Jewellery
 e - a ring of flight (left branch)
 l - a +4 ring of protection
 n - an amulet of magic regeneration
 q - a +6 ring of dexterity (right branch)
Scrolls
 f - a scroll of torment {unknown}
 g - a scroll of vulnerability {unknown}
 j - a scroll of noise {unknown}
 k - a scroll of teleportation {unknown}
 s - a scroll of immolation
Potions
 i - 3 potions of haste
 p - a potion of lignification


   Skills:
 + Level 2.7 Fighting
 + Level 4.5 Ranged Weapons
 + Level 2.9 Dodging
 + Level 2.4 Stealth


You had 3 spell levels left.
You didn't know any spells.
Your spell library contained the following spells:

 Spells                   Type           Power      Damage    Failure   Level
 Slow                     Hex            0%         N/A       38%         1
 Confusing Touch          Hex            0%         N/A       77%         3
 Frozen Ramparts          Ice            0%         1d1       77%         3
 Ozocubu's Armour         Ice            0%         N/A       77%         3
 Vampiric Draining        Necr           0%         2d6       77%         3
 Ice Form                 Ice/Tmut       0%         N/A       99%         4
 Summon Ice Beast         Ice/Summ       0%         N/A       99%         4
 Metabolic Englaciation   Hex/Ice        0%         N/A       100%        5
 Simulacrum               Ice/Necr       0%         N/A       100%        6


Dungeon Overview and Level Annotations

Branches:
Dungeon (4/15)
 Temple: D:4-7

Altars:

Shops:
D:2 [

Annotations:
D:3 1 runed translucent door, Palms's ghost, weakling DjRe


Message History

Found a leather armour.
No target in view!
Found a runed translucent door.
No target in view!
Palms's ghost turns its malevolent gaze towards you.
Things that are here:
a +0 dagger; a hobgoblin skeleton You reach down and open the door.
There is an open door here.
g - a scroll labelled SYAKUX GIZU No target in view!
h - 11 poisoned darts (gained 6)
k - a scroll labelled SIXIRO VOIW No target in view!
No target in view!
There is an open door here.
You see here a +0 dagger.
Palms's ghost turns its malevolent gaze towards you.
Could not explore, unopened runed door.
There's something in the way.
Could not explore, unopened runed door.
There's something in the way.
You see here a +0 leather armour.
You see here a +0 ring mail.
You see here a +0 spear.
There is a stone staircase leading down here.
You see here a +0 mace.
You see here a +0 mace.
There is a stone staircase leading down here.
Unknown command.
Okay, then.
You fly downwards.
The howler monkey howls!
Found a blackened cameo amulet, a short sword and a glowing dagger.
There is a stone staircase leading up here.
You shoot an arrow. The arrow barely misses the gnoll.
The gnoll shouts! x3
A kobold comes into view.
It is wielding a +0 dagger and quivering poisoned darts.
You shoot an arrow. The arrow barely misses the gnoll.
The kobold shouts!
The howler monkey hoots and howls with incredible vigour!
You hear an angry hiss.
You hear a shout! x3; You hear an angry hiss.
You shoot an arrow.
The arrow hits the gnoll but does no damage.
The gnoll hits you from afar with a +0 halberd!
The gnoll hits you from afar with a +0 halberd.
You are too injured to fight recklessly!
You are too injured to fight recklessly!
You are too injured to fight recklessly!
You are too injured to fight recklessly!
Really quaff the potion of lignification?
You turn into a tree.
Your +0 leather armour melds into your body.
Your roots penetrate the ground.
The howler monkey hoots and howls with incredible vigour!
The kobold throws a poisoned dart.
The poisoned dart hits you!
The gnoll hits you from afar with a +0 halberd.
You hear a shout!
You hear a bark!
You shoot an arrow.
The arrow hits the gnoll but does no damage.
The gnoll barely misses you. The gnoll hits you but does no damage.
You shoot an arrow. The arrow hits the gnoll!
The gnoll is heavily wounded.
The howler monkey barely misses you.
An iguana comes into view.
The gnoll barely misses you.
The gnoll hits you from afar with a +0 halberd!
* * * LOW HITPOINT WARNING * * *
The howler monkey hoots and howls with incredible vigour!
The iguana hisses angrily.
You hear a shout!
You shoot an arrow. The arrow hits the gnoll!
The gnoll is almost dead.
The gnoll hits you with a +0 whip.
* * * LOW HITPOINT WARNING * * *
The gnoll hits you with a +0 whip.
* * * LOW HITPOINT WARNING * * *
The gnoll hits you but does no damage.
The howler monkey hits you but does no damage.
The gnoll hits you but does no damage. x3
You shoot an arrow.
The arrow hits the gnoll but does no damage.
The gnoll is heavily wounded.
The howler monkey hits you but does no damage. x2
The gnoll hits you but does no damage. The kobold hits you but does no damage.
The gnoll hits you but does no damage. x2
You shoot an arrow. The arrow hits the gnoll.
The gnoll is almost dead.
The howler monkey hits you but does no damage.
The kobold hits you but does no damage. The gnoll hits you with a +0 whip.
* * * LOW HITPOINT WARNING * * *
The gnoll completely misses you.
The gnoll hits you from afar with a +0 halberd.
* * * LOW HITPOINT WARNING * * *
You shoot an arrow. The arrow barely misses the gnoll.
The arrow barely misses the iguana.
The howler monkey hits you but does no damage.
The gnoll hits you but does no damage. x2
The kobold hits you but does no damage.
The gnoll hits you from afar with a +0 halberd.
You die...

..).). .8#...
....#.###......
#.#............
...............
#.#............
.......g.......
#.#.....h......
......g♣gl.....
#.#.....K......
...............
.............".
#..............
#.............#
#..#.#.#.#.####
#..........#


You could see a howler monkey, an iguana, 3 gnolls and a kobold.

Vanquished Creatures
  3 gnolls (D:3)
  An adder (D:3)
  4 dart slugs
  2 bats
  8 endoplasms
  5 goblins
  4 hobgoblins
  3 quokkas
  A ball python (D:1)
  A frilled lizard (D:3)
  8 kobolds
  5 rats
45 creatures vanquished.

Notes
Turn   | Place    | Note
-------+----------+-------------------------------------------
     0 | D:1      | Darkkill the Human Hunter began the quest for the Orb.
     0 | D:1      | Reached XP level 1. HP: 16/16 MP: 1/1
   208 | D:1      | Reached XP level 2. HP: 22/22 MP: 2/2
   470 | D:1      | Reached XP level 3. HP: 8/28 MP: 3/3
   860 | D:2      | Found Ugas's Antique Armour Emporium.
  1818 | D:3      | Reached XP level 4. HP: 9/34 MP: 4/4
  2139 | D:3      | Found a runed translucent door.
  2141 | D:3      | Noticed Palms's ghost (weakling DjRe)
  2339 | D:4      | HP: 8/51 [gnoll/+0 whip (4)]
  2341 | D:4      | HP: 1/51 [gnoll/+0 halberd (3)]
  2342 | D:4      | Slain by a gnoll

Illustrated notes

Levels and vault maps discovered:
D:1:      eino_arrival_water_star, layout_basic, minmay_misc_feat_diagonals
D:2:      layout_basic, serial_shops, shop
D:3:      layout_basic, ebering_ghost_inner_flame
D:4:      layout_rooms, kennysheep_mini, minmay_temple_entry_statues,
          serial_glass, glass_columns_a, glass_columns_a, glass_columns_a,
          glass_columns_a, glass_columns_a, glass_columns_c, glass_columns_c,
          glass_columns_c, glass_columns_b, glass_columns_b,
          minmay_strange_pillars, item_on_display_a, feat_on_display,
          hangedman_abyss_or_decor_stagger

Skill      XL: |  1  2  3 |
---------------+----------+-----
Stealth        | 2 |  2.4
Fighting       | |  2.7
Ranged Weapons | |  4.5
Dodging        | |  2.9

Action                   |  1- 3 |  4- 6 || total
-------------------------+-------+-------++-------
 Fire: Shortbow          |    96 |    29 ||   125
  Use: Scroll            |     5 |       ||     5
       Potion            |       |     2 ||     2
Armor: Leather armour    |    10 |       ||    10
       Skin              |       |    23 ||    23
Dodge: Dodged            |    24 |     4 ||    28

Table legend: (Time is in decaauts)
 A = Elapsed time spent in this place.
 B = Non-inter-level travel time spent in this place.
 C = Inter-level travel time spent in this place.
 D = Time resting spent in this place.
 E = Time spent auto-exploring this place.
 F = Levels seen in this place.
 G = Mean time per level.
                   A        B        C        D        E       F      G
               +--------+--------+--------+--------+--------+-----+--------+
         Total |   2383 |   2089 |    294 |    196 |   1615 |   4 |  595.8 |
       Dungeon |   2383 |   2089 |    294 |    196 |   1615 |   4 |  595.8 |
               +--------+--------+--------+--------+--------+-----+--------+

Top non-repeatable levels by time:
     D:2: 945 daAuts
     D:1: 729 daAuts
     D:3: 695 daAuts
     D:4: 12 daAuts

Table legend:
 A = Kills in this place as a percentage of kills in entire the game.
 B = Kills by you in this place as a percentage of kills by you in the entire game.
 C = Kills by friends in this place as a percentage of kills by friends in the entire game.
 D = Other kills in this place as a percentage of other kills in the entire game.
 E = Experience gained in this place as a percentage of experience gained in the entire game.
 F = Experience gained in this place divided by the number of levels of this place that you have seen.
                   A       B       C       D       E      F
               +-------+-------+-------+-------+-------+----------------------
         Total | 100.0 | 100.0 |   N/A |   N/A | 100.0 |  33.2
       Dungeon | 100.0 | 100.0 |   N/A |   N/A | 100.0 |  33.2
               +-------+-------+-------+-------+-------+----------------------
